 Dungeon Crawl Stone Soup version 0.18-a0-1045-g4e042de (webtiles) character file.

45717 George the Fencer (level 14, -6/127 HPs)
             Began as a Minotaur Fighter on Jan 11, 2016.
             Was the Champion of the Shining One.
             Killed from afar by a frost giant (35 damage)
             ... with a bolt of cold
             ... on level 15 of the Dungeon.
             The game lasted 00:38:20 (14464 turns).

George the Fencer (Minotaur Fighter)               Turns: 14464, Time: 00:38:20

Health: -6/127     AC: 20    Str: 24    XL:     14   Next: 2%
Magic:  10/20      EV: 14    Int:  5    God:    the Shining One [******]
Gold:   1035       SH: 26    Dex: 12    Spells: 0 memorised, 13 levels left

rFire  . . .     SeeInvis +     T - +0 falchion (flame)
rCold  . . .     Gourm    +     N - +1 plate armour {rPois}
rNeg   + + +     Faith    .     c - +1 shield
rPois  +         Spirit   .     W - +1 hat {SInv}
rElec  .         Dismiss  .     y - +0 cloak
rCorr  .         Reflect  .     O - +0 pair of gloves
SustAt .         Harm     .     (no boots)
MR     +....                    v - amulet of the gourmand
Stlth  ..........               Q - +2 ring of evasion
                                u - +5 ring of evasion

@: divine shield, glowing, somewhat resistant to hostile enchantments, extremely
unstealthy
A: retaliatory headbutt, horns 2
a: Divine Shield, Cleansing Flame, Summon Divine Warrior, Brand Weapon With Holy
Wrath, Renounce Religion


You were on level 15 of the Dungeon.
You worshipped the Shining One.
The Shining One was exalted by your worship.
You were very full.

You visited 2 branches of the dungeon, and saw 16 of its levels.

You collected 1035 gold pieces.

Inventory:

Hand Weapons
 p - a +1 scimitar of freezing
 B - a +0 long sword of holy wrath
 T - a +0 falchion of flaming (weapon)
Missiles
 s - 2 javelins (quivered)
 X - a throwing net
Armour
 c - a +1 shield (worn)
 y - a +0 cloak (worn)
 N - a +1 plate armour of poison resistance (worn)
 O - a +0 pair of gloves (worn)
 W - a +1 hat of see invisible (worn)
Jewellery
 h - an uncursed ring of poison resistance
 q - an uncursed ring of flight
 u - a +5 ring of evasion (left hand)
 v - an amulet of the gourmand (around neck)
 Q - a +2 ring of evasion (right hand)
Wands
 z - a wand of cold (10/15)
 H - a wand of teleportation (5/9)
 P - a wand of fire (3/15)
 V - a wand of heal wounds (5/9)
 Y - a wand of disintegration (21/24)
Scrolls
 i - a scroll of identify
 j - a scroll of remove curse
 r - a scroll of enchant weapon
 w - 4 scrolls of fear
 D - 3 scrolls of teleportation
 G - 2 scrolls of immolation
 M - 3 scrolls of magic mapping
 Z - 4 scrolls of fog
Potions
 k - 8 potions of curing
 n - 2 potions of mutation
 o - a potion of flight {unknown}
 t - a potion of cure mutation
 C - a potion of beneficial mutation {unknown}
 F - 6 potions of agility
 J - a potion of berserk rage
 K - 2 potions of resistance
 L - 4 potions of haste
 R - a potion of cancellation
 S - a potion of heal wounds
Miscellaneous
 E - a lamp of fire (inert)
Comestibles
 f - 11 bread rations
 m - 12 slices of pizza
 x - 2 royal jellies
 A - 8 meat rations
 I - a beef jerky
 U - 19 fruits


   Skills:
 + Level 12.7 Fighting
 + Level 15.3 Long Blades
 + Level 12.6 Armour
 + Level 12.7 Shields
 + Level 10.6 Invocations


You had 13 spell levels left.
You didn't know any spells.

Dungeon Overview and Level Annotations

Branches:
Dungeon (15/15)            Temple (1/1) D:4            Lair (0/8) D:8
    Orc (0/2) D:11         Vaults (0/5) D:14         Depths (0/5) D:15

Altars:
Ashenzari
Cheibriados
Dithmenos
Elyvilon
Fedhas
Gozag
Kikubaaqudgha
Makhleb
Nemelex Xobeh
Okawaru
Pakellas
Qazlal
Ru
Sif Muna
Trog
Vehumet
Xom
Yredelemnul
Zin
The Shining One

Shops:
D:9 [   D:11 [(   D:13 [

Portals:
Trove: D:11 (give 2 scrolls of acquirement)


Innate Abilities, Weirdness & Mutations

You reflexively headbutt those who attack you in melee.
You have a pair of horns on your head.


Message History

Your daeva hits the frost giant with a scimitar of holy wrath.
The frost giant misses your daeva.
Things that are here:
an uncursed shortbow; a centaur corpse Your daeva calls down the wrath of the Shining One upon the frost giant.
The frost giant is smitten.
The frost giant hits your daeva with a battleaxe of freezing!!!
The frost giant freezes your daeva!!
Your daeva calls down the wrath of the Shining One upon the frost giant.
The frost giant is smitten.
The frost giant gestures at you while chanting.
The bolt of cold hits your daeva.
Your daeva dies!
Evoke which item? (* to show all) (? for menu, Esc to quit)
Okay, then.
Drink which item? (? for menu, Esc to quit)
You feel much better.
The frost giant gestures at you while chanting.
The bolt of cold hits you!
You die...

...................#
...................#
###................#
#...############.#
#...# #.# #...# #.#
#...# #.#
###...#################
...........#≈≈((@.)...#
#########..#≈.#≈≈≈###C#
#########..#......#...#
...........'.##≈..+.>.#
...........#......#...#
........####≈.#≈≈≈###+#
........# #≈≈......
........# ##########
......(.#


You could see a frost giant.

Vanquished Creatures
  Gastronok (D:9)
  Agnes (D:15)
  Snorg (D:11)
  5 vault guards
  3 hydras
  3 centaur warriors (D:15)
  A tengu warrior (D:14)
  The ghost of HunterMK1337 the Cleaver, a novice FoFi of the Shining One (D:8)
  3 unseen horrors
  8 hill giants
  A wolf spider zombie (D:15)
  A deep elf archer (D:14)
  4 manticores
  4 ugly things
  A cyclops (D:11)
  2 wizards
  3 slime creatures (D:14)
  5 deep elf magi
  Maurice (D:9)
  Joseph (D:7)
  A gargoyle (D:11)
  A kobold demonologist (D:14)
  A komodo dragon (D:8)
  2 tengu conjurers (D:14)
  2 two-headed ogres
  6 trolls
  13 yaks
  A centaur simulacrum (D:14)
  2 wraiths
  Sigmund (D:2)
  6 hippogriffs
  2 basilisks
  11 vampire mosquitoes
  Duvessa (D:7)
  An ice beast (D:10)
  4 sky beasts
  10 orc warriors
  A necrophage (D:6)
  5 phantoms
  10 centaurs
  An eye of draining (D:10)
  6 ogres
  A crocodile (D:10)
  A gnoll sergeant (D:6)
  7 big kobolds
  Dowan (D:7)
  10 giant frogs
  A water moccasin zombie (D:6)
  A wyvern zombie (D:11)
  7 scorpions
  14 killer bees
  15 wights
  6 crimson imps
  2 quasits (D:13)
  5 centaur zombies
  A giant frog zombie (D:11)
  7 jellies
  11 orc priests
  2 giant frog skeletons
  3 hounds
  9 orc wizards
  9 centaur skeletons
  7 iguanas
  15 worker ants
  A killer bee zombie (D:5)
  6 sheep
  A hound zombie (D:10)
  3 hound skeletons
  2 worker ant zombies
  7 gnolls
  6 adders
  6 shadow imps
  An ooze (D:4)
  2 adder skeletons (D:9)
  3 worms
  3 giant geckos
  50 orcs
  7 bats
  4 giant cockroaches
  5 hobgoblins
  11 jackals
  2 quokkas
  2 ball pythons
  A giant gecko skeleton (D:6)
  A giant gecko zombie (D:8)
  3 giant newts
  11 goblins
  20 kobolds
  A quokka skeleton (D:5)
  A quokka zombie (D:5)
  11 rats
444 creatures vanquished.

Vanquished Creatures (others)
  A plant (D:8)
1 creature vanquished.

Grand Total: 445 creatures vanquished

Notes
Turn   | Place    | Note
--------------------------------------------------------------
     0 | D:1      | George the Minotaur Fighter began the quest for the Orb.
     0 | D:1      | Reached XP level 1. HP: 19/19 MP: 0/0
   179 | D:1      | Reached XP level 2. HP: 20/26 MP: 1/1
   494 | D:1      | Reached skill level 4 in Long Blades
   886 | D:2      | Reached XP level 3. HP: 27/31 MP: 2/2
   945 | D:2      | Noticed Sigmund
  1059 | D:2      | Killed Sigmund
  1059 | D:2      | Reached skill level 6 in Long Blades
  1059 | D:2      | Reached XP level 4. HP: 21/39 MP: 3/3
  1059 | D:2      | Reached XP level 5. HP: 24/45 MP: 4/4
  1362 | D:2      | Reached skill level 7 in Long Blades
  1415 | D:2      | Found a glowing silver altar of Zin.
  1548 | D:2      | Found a shattered altar of Ashenzari.
  2272 | D:4      | Reached XP level 6. HP: 38/51 MP: 5/5
  2286 | D:4      | Reached skill level 8 in Long Blades
  2735 | D:4      | Found a staircase to the Ecumenical Temple.
  2754 | Temple   | Entered the Ecumenical Temple
  2845 | Temple   | Became a worshipper of the Shining One
  2873 | D:4      | Reached skill level 9 in Long Blades
  2873 | D:4      | Reached XP level 7. HP: 21/57 MP: 6/6
  3431 | D:5      | Entered Level 5 of the Dungeon
  3431 | D:5      | Found a white marble altar of Elyvilon.
  3568 | D:5      | Reached skill level 10 in Long Blades
  3727 | D:5      | Reached * piety under the Shining One
  4201 | D:5      | Found a basalt altar of Yredelemnul.
  4208 | D:5      | Found a blossoming altar of Fedhas.
  4209 | D:5      | Found an iron altar of Okawaru.
  4450 | D:6      | Reached skill level 1 in Invocations
  4450 | D:6      | Reached XP level 8. HP: 35/66 MP: 7/7
  4690 | D:6      | Found an ancient bone altar of Kikubaaqudgha.
  4692 | D:6      | Found a radiant altar of Vehumet.
  4692 | D:6      | Found a deep blue altar of Sif Muna.
  4697 | D:6      | Identified Sif Muna's Handbook of Glamour
  4705 | D:6      | Identified Kikubaaqudgha's Papyrus of Evil Rites
  4713 | D:6      | Identified Vehumet's Catalogue of Conjuration
  4983 | D:6      | Reached skill level 5 in Fighting
  5030 | D:7      | Found a snail-covered altar of Cheibriados.
  5042 | D:7      | Reached skill level 5 in Shields
  5058 | D:7      | Reached skill level 11 in Long Blades
  5058 | D:7      | Reached skill level 5 in Armour
  5248 | D:7      | Reached ** piety under the Shining One
  5292 | D:7      | Noticed Joseph
  5326 | D:7      | Killed Joseph
  5326 | D:7      | Reached XP level 9. HP: 53/75 MP: 10/10
  5342 | D:7      | Noticed a troll
  5440 | D:6      | Killed a troll
  5723 | D:7      | Noticed a hill giant
  6208 | D:6      | Killed a hill giant
  6458 | D:7      | Noticed Dowan
  6459 | D:7      | Noticed Duvessa
  6481 | D:7      | Killed Duvessa
  6486 | D:7      | Killed Dowan
  6833 | D:8      | Noticed HunterMK1337's ghost (novice FoFi)
  6904 | D:8      | Killed HunterMK1337's ghost
  6904 | D:8      | Reached skill level 12 in Long Blades
  6904 | D:8      | Reached skill level 5 in Invocations
  6904 | D:8      | Reached XP level 10. HP: 86/86 MP: 12/12
  7050 | D:8      | Noticed a three-headed hydra
  7055 | D:8      | Killed a one-headed hydra
  7115 | D:8      | Reached *** piety under the Shining One
  7230 | D:8      | Found a staircase to the Lair.
  7591 | D:9      | Found a blossoming altar of Fedhas.
  7594 | D:9      | Found Gurokhleu's Antique Armour Shop.
  7595 | D:9      | Noticed Maurice
  7604 | D:9      | Killed Maurice
  7633 | D:9      | Found a stormy altar of Qazlal.
  7657 | D:9      | Identified the Catalogue of Aid
  7706 | D:9      | Noticed Gastronok
  7730 | D:9      | Killed Gastronok
  7730 | D:9      | Reached XP level 11. HP: 38/95 MP: 13/15
  8046 | D:9      | Reached skill level 13 in Long Blades
  8261 | D:10     | Entered Level 10 of the Dungeon
  8286 | D:10     | Reached **** piety under the Shining One
  8400 | D:10     | Noticed a deep elf mage
  8401 | D:10     | Noticed a wizard
  8426 | D:10     | Killed a deep elf mage
  8467 | D:10     | Noticed a deep elf mage
  8468 | D:10     | Noticed a deep elf mage
  8476 | D:10     | Killed a deep elf mage
  8487 | D:10     | Killed a deep elf mage
  8498 | D:10     | Identified the Almanac of Sand
  8506 | D:10     | Identified the Handbook of Plaster Cramp
  8514 | D:10     | Identified Jiassususy's Almanac of Combed Thunderclap
  8544 | D:10     | Killed a wizard
  9086 | D:11     | Found Siveuq's Weapon Shoppe.
  9086 | D:11     | Found a staircase to the Orcish Mines.
  9091 | D:11     | Reached skill level 10 in Armour
  9093 | D:11     | Found Wonoad's Armour Shoppe.
  9227 | D:11     | Reached skill level 10 in Fighting
  9331 | D:11     | Found a portal to a secret trove of treasure.
  9361 | D:11     | Got an encrusted scale mail
  9372 | D:11     | Reached skill level 10 in Shields
  9383 | D:11     | Identified the +0 scale mail of the Realm of Zot {rPois Str+3} (You found it on level 11 of the Dungeon)
  9537 | D:11     | Reached XP level 12. HP: 74/106 MP: 16/16
  9695 | D:11     | Noticed Snorg
  9707 | D:11     | Killed Snorg
 10467 | D:12     | Reached ***** piety under the Shining One
 10755 | D:12     | Reached skill level 14 in Long Blades
 11110 | D:12     | Identified the Disquisition on the Rocks
 11423 | D:13     | Found a deep blue altar of Sif Muna.
 11438 | D:13     | Found Emygix's Armour Emporium.
 11949 | D:13     | Reached XP level 13. HP: 116/116 MP: 18/18
 12065 | D:14     | Reached ****** piety under the Shining One
 12427 | D:14     | Noticed a vault guard
 12468 | D:13     | Killed a vault guard
 12810 | D:14     | Noticed a vault guard
 12819 | D:14     | Noticed a vault guard
 12852 | D:14     | Killed a vault guard
 13201 | D:14     | Reached skill level 10 in Invocations
 13401 | D:14     | Killed a vault guard
 13422 | D:14     | Noticed a vault guard
 13424 | D:14     | Noticed a vault guard
 13451 | D:14     | Killed a vault guard
 13467 | D:14     | Killed a vault guard
 13467 | D:14     | Reached skill level 15 in Long Blades
 13630 | D:14     | Found a gate to the Vaults.
 13749 | D:15     | Entered Level 15 of the Dungeon
 13847 | D:15     | Noticed Agnes
 13858 | D:15     | Killed Agnes
 14427 | D:15     | Reached XP level 14. HP: 120/127 MP: 20/20
 14452 | D:15     | Found a staircase to the Depths.
 14452 | D:15     | Noticed a frost giant
 14460 | D:15     | HP: 3/127 [frost giant/bolt of cold (41)]
 14464 | D:15     | Killed from afar by a frost giant

Vault maps used:
D:1:      minmay_arrival_jagged, solitary_fountain, minmay_bisected
D:2:      evilmike_ruin_ashenzari, nicolae_overflow_hidden_temple, first_bread,
          uniq_sigmund
D:3:      minmay_misc_feat_doors, kennysheep_generic_room_13
D:4:      temple_statues, minmay_misc_feat_diagonals
D:5:      overflow_temple_1_default, gammafunk_temple_overflow_forgotten,
          small_statue_intersection
D:6:      grunt_temple_overflow_magic_moments
D:7:      cheibriados_altar_1, uniq_duvessa, uniq_joseph
D:8:      david_lair_shrubbed, hangedman_ranch
D:9:      grunt_qazlal_clouds, serial_shops, shop, basic_altar, uniq_maurice,
          uniq_gastronok
D:10:     bh_hangedman_babel_library
D:11:     orc_david_3, enter_trove_0, uniq_snorg
D:13:     basic_altar, serial_shops, shop_fountains, grunt_ministairs_7,
          hangedman_decor_slide_cut
D:14:     grunt_vaults_entry_fortified, kennysheep_cross_room
D:15:     grunt_enter_depths_snipers, dk_noncrumbling_3, uniq_agnes
Temple:   dpeg_three_leaves_temple_9

Action                   |  1- 3 |  4- 6 |  7- 9 | 10-12 | 13-15 || total
-------------------------+-------+-------+-------+-------+-------++-------
Melee: Long sword        |    88 |    99 |   376 |   760 |       ||  1323
       Falchion          |       |       |       |     4 |    15 ||    19
       Scimitar          |       |       |       |       |   317 ||   317
Throw: Javelin           |     2 |       |     2 |     2 |       ||     6
Invok: Divine Shield     |       |       |     1 |       |     2 ||     3
       Summon Divine War |       |       |       |       |     1 ||     1
Evoke: Wand              |       |       |       |     4 |     2 ||     6
       Lamp of fire      |       |       |       |       |     1 ||     1
  Use: Potion            |     1 |     1 |       |       |     1 ||     3
       Scroll            |       |       |    21 |    12 |     2 ||    35
  Eat: Chunk             |       |    16 |    13 |    16 |     9 ||    54
